 Dungeon Crawl Stone Soup version 0.27-a0-74-gebd156f8b4 (webtiles) character file.

Game seed: 12052537242896679070

4704 lunkers the Zephyrmancer (level 10, -13/77 HPs)
             Began as a Demigod Air Elementalist on Jan 11, 2021.
             Mangled by a polar bear (22 damage)
             ... on level 9 of the Dungeon.
             The game lasted 00:17:10 (12984 turns).

lunkers the Zephyrmancer (DgAE)                    Turns: 12984, Time: 00:17:11

Health: -13/77     AC:  7    Str: 11    XL:     10   Next: 2%
Magic:  3/19       EV: 12    Int: 25    God:
Gold:   314        SH:  5    Dex: 16    Spells: 7/17 levels left

rFire    . . .     SeeInvis .   s - +0 short sword (elec)
rCold    . . .     Faith    .   F - +0 buckler
rNeg     . . .     Spirit   .   n - +2 robe
rPois    .         Reflect  .   (no helmet)
rElec    .         Harm     .   v - +0 cloak
rCorr    +         Rampage  .   e - +0 pair of gloves
Will     +....                  E - +0 pair of boots
Stlth    +++.......             (no amulet)
HPRegen  0.22/turn              D - ring of resist corrosion
MPRegen  0.16/turn              z - ring of stealth

@: no status effects
A: high mp 1
a: no special abilities


You were on level 9 of the Dungeon.
You visited 1 branch of the dungeon, and saw 9 of its levels.

You collected 422 gold pieces.
You spent 108 gold pieces at shops.

Inventory:

Hand Weapons
 s - a +0 short sword of electrocution (weapon)
 G - a cursed +5 scimitar
Armour
 e - a +0 pair of gloves (worn)
 n - a +2 robe (worn)
 v - a +0 cloak (worn)
 E - a +0 pair of boots (worn)
 F - a +0 buckler (worn)
 M - a +2 ring mail of cold resistance
Jewellery
 t - an uncursed ring of fire
 z - a ring of stealth (right hand)
 D - a ring of resist corrosion (left hand)
 K - an uncursed ring of ice
Wands
 y - a wand of polymorph (18)
 A - a wand of enslavement (21)
 B - a wand of random effects (12)
Scrolls
 a - 2 scrolls of amnesia {unknown}
 b - a scroll of blinking {unknown}
 c - 4 scrolls of remove curse
 d - 3 scrolls of magic mapping {unknown}
 g - 10 scrolls of identify
 h - 3 scrolls of teleportation {unknown}
 i - 5 scrolls of immolation {unknown}
 k - a scroll of random uselessness {unknown}
 q - a scroll of enchant armour {unknown}
 r - a scroll of fear {unknown}
 I - 3 scrolls of enchant weapon {unknown}
 L - a scroll of summoning {unknown}
Potions
 f - a potion of ambrosia {unknown}
 j - 3 potions of attraction
 l - a potion of might {unknown}
 m - 4 potions of curing
 o - a potion of flight {unknown}
 p - a potion of invisibility {unknown}
 u - 2 potions of haste {unknown}
 w - 3 potions of heal wounds {unknown}
 x - a potion of magic {unknown}
 C - 4 potions of brilliance {unknown}
 H - a potion of resistance {unknown}
 J - a potion of cancellation {unknown}


   Skills:
 + Level 3.3 Fighting
 - Level 1.7 Dodging
 - Level 1.7 Stealth
 - Level 4.0 Shields
 - Level 4.0 Spellcasting
 - Level 0.8 Conjurations
 * Level 12.0 Air Magic


You had 7 spell levels left.
You knew the following spells:

 Your Spells              Type           Power        Failure   Level
a - Airstrike             Air            30%          1%          4
b - Swiftness             Air            60%          1%          2
c - Static Discharge      Conj/Air       37%          1%          3
d - Shock                 Conj/Air       100%         1%          1

Your spell library contained the following spells:

 Spells                   Type           Power        Failure   Level
 Lightning Bolt           Conj/Air       18%          19%         5


Dungeon Overview and Level Annotations

Branches:
Dungeon (9/15)             Temple (0/1) D:5            Lair (0/6) D:8
    Orc: D:9-12

Shops:
D:5 [:   D:6 }

Portals:
Abyss: D:8

Annotations:
D:8 2 transporters, Hector's ghost, novice SpWr


Innate Abilities, Weirdness & Mutations

You have an increased reservoir of magic. (+10% MP)


Message History

You hit the polar bear but do no damage.
The polar bear is almost dead.
The polar bear bites you!
The polar bear claws you but does no damage.
The polar bear claws you. The polar bear bites you!
* * * LOW HITPOINT WARNING * * *
The polar bear claws you.
* * * LOW HITPOINT WARNING * * *
You block the polar bear's attack.
Evoke which item? (* to show all) (? for menu, Esc to quit)
Okay, then.
The polar bear barely misses you. The polar bear claws you.
* * * LOW HITPOINT WARNING * * *
The polar bear claws you but does no damage.
The polar bear bites you!!
* * * LOW HITPOINT WARNING * * *
The polar bear claws you but does no damage.
The polar bear barely misses you. The polar bear bites you!!
You die...

#..#...#...#.....................
§§.#...#...#.....................
§..#...#.).#..).)................
####.#.#.#.####......#...########
.....#...#...........#...........
....^#...#...........#...........
.....#...#...........#...........
.....#.[†#...........#...######..
.....#...#.....h@....#...#....#..
.....#...#...........#...#....#..
.#...#####.....##)...#...#>...#..
.#..............#....#...#....#..
.#........).....#....#...#.......
.#..............#....#...#.......
.#..............#....#...#.......
#..............#....# #.......
#..............#....# #.......


You could see a polar bear (berserk).

Vanquished Creatures
  Pikel (D:7)
  Edmund (D:6)
  A water moccasin (D:6)
  2 orc warriors
  3 ice beasts
  A black bear (D:7)
  A phantom (D:6)
  3 necrophages
  A wolf (D:9)
  3 ogres
  A centaur (D:9)
  4 lemures
  A big kobold (D:9)
  6 bullfrogs
  2 scorpions (D:6)
  13 killer bees
  10 wights
  A howler monkey (D:5)
  A quasit (D:8)
  A jelly (D:6)
  6 hounds
  A bullfrog skeleton (D:5)
  3 orc priests
  Jessica (D:2)
  2 iguanas
  Natasha (thrice) (D:3)
  3 orc wizards
  11 worker ants
  2 hound skeletons
  2 worker ant zombies
  7 gnolls
  6 adders
  2 shadow imps
  An ufetubus (D:5)
  An ooze (D:2)
  2 adder zombies (D:8)
  2 adder skeletons
  4 worms
  A dart slug (D:2)
  5 leopard geckos
  10 orcs
  4 ball pythons
  6 bats
  6 giant cockroaches
  7 goblins
  6 hobgoblins
  11 kobolds
  4 quokkas
  5 frilled lizards
  A jackal skeleton (D:5)
  2 rats
184 creatures vanquished.

Vanquished Creatures (others)
  A withered plant (D:8)
1 creature vanquished.

Grand Total: 185 creatures vanquished

Notes
Turn   | Place    | Note
-------+----------+-------------------------------------------
     0 | D:1      | lunkers the Demigod Air Elementalist began the quest for
                  | the Orb.
     0 | D:1      | Reached XP level 1. HP: 14/14 MP: 5/5
   197 | D:1      | Reached skill level 3 in Air Magic
   309 | D:1      | Reached XP level 2. HP: 20/20 MP: 0/7
  1360 | D:1      | Reached XP level 3. HP: 11/26 MP: 3/9
  2116 | D:2      | Noticed Jessica
  2120 | D:2      | Killed Jessica
  2121 | D:2      | Reached skill level 4 in Air Magic
  2121 | D:2      | Reached XP level 4. HP: 33/33 MP: 5/10
  2626 | D:3      | Learned a level 2 spell: Swiftness
  2630 | D:3      | Learned a level 3 spell: Static Discharge
  3228 | D:3      | Noticed Natasha
  3237 | D:3      | Killed Natasha
  3365 | D:3      | Noticed Natasha
  3375 | D:3      | Killed Natasha
  3376 | D:3      | Reached XP level 5. HP: 29/38 MP: 9/12
  3385 | D:3      | Noticed Natasha
  3395 | D:3      | Killed Natasha
  3396 | D:3      | Reached skill level 5 in Air Magic
  4205 | D:3      | Learned a level 4 spell: Airstrike
  4737 | D:4      | Reached XP level 6. HP: 45/45 MP: 5/14
  5421 | D:5      | Entered Level 5 of the Dungeon
  5424 | D:5      | Found a shimmering altar of Xom.
  5425 | D:5      | Found Eniusch's Antique Armour Emporium.
  5440 | D:5      | Reached skill level 6 in Air Magic
  5573 | D:5      | Found a staircase to the Ecumenical Temple.
  5996 | D:5      | Reached XP level 7. HP: 35/50 MP: 14/16
  6195 | D:5      | Found Umnianno's Book Emporium.
  6657 | D:5      | Bought a buckler for 108 gold pieces
  6705 | D:6      | Reached skill level 7 in Air Magic
  6734 | D:6      | Reached skill level 1 in Shields
  7419 | D:6      | Reached skill level 8 in Air Magic
  7419 | D:6      | Reached XP level 8. HP: 57/57 MP: 8/17
  7823 | D:6      | Found Fukuuv's Gadget Shoppe.
  8059 | D:6      | Reached skill level 9 in Air Magic
  8405 | D:6      | Noticed Edmund
  8485 | D:6      | Killed Edmund
  9666 | D:7      | Reached skill level 10 in Air Magic
  9672 | D:7      | Reached XP level 9. HP: 62/62 MP: 6/18
 10094 | D:7      | Noticed Pikel
 10172 | D:7      | Killed Pikel
 10173 | D:7      | Reached skill level 11 in Air Magic
 10265 | D:7      | Reached skill level 1 in Fighting
 11158 | D:7      | Found an iron altar of Okawaru.
 11338 | D:8      | Found a staircase to the Lair.
 11466 | D:8      | Found a transporter.
 11467 | D:8      | Found a transporter.
 11855 | D:8      | Found a radiant altar of Vehumet.
 12133 | D:8      | Found a one-way gate to the infinite horrors of the Abyss.
 12133 | D:8      | Noticed Hector's ghost (novice SpWr)
 12756 | D:9      | Reached skill level 12 in Air Magic
 12882 | D:9      | Reached XP level 10. HP: 77/77 MP: 10/19
 12984 | D:9      | Mangled by a polar bear

Illustrated notes

Levels and vault maps discovered:
D:1:      dpeg_arrival_pond, layout_loops_ring, item_on_display_a
D:2:      layout_rooms, uniq_jessica
D:3:      layout_loops_corners, uniq_natasha
D:4:      cheibrodos_helix_gallery, layout_basic
D:5:      layout_basic, minmay_temple_entry_junction, basic_altar, serial_shops,
          shop, nicolae_shop_stone
D:6:      layout_layer_cave, serial_shops, shop_fountains, st_stairs_8,
          minmay_strange_pillars, uniq_edmund
D:7:      layout_layer_cave, st_stairs_7, okawaru_ov_weapons_minmay, uniq_pikel
D:8:      layout_rooms, fiery_altar_vehumet, lair_entry_dummy, serial_undead,
          serial_undead_b, serial_undead_a, serial_undead_e, serial_undead_e,
          gammafunk_ghost_abyssal_escape
D:9:      layout_grid_maze, serial_ice, serial_ice_b, serial_ice_n,
          serial_ice_g, serial_ice_c, serial_ice_a

Skill      XL: |  1  2  3  4  5  6  7  8  9 |
---------------+----------------------------+-----
Air Magic      | 3 4 5 6 8 10 12 | 12.0
Spellcasting   | 2 3 4 |  4.0
Shields        | 2 4 |  4.0
Fighting       | 3 |  3.3
Dodging        | |  1.7
Stealth        | |  1.7
Conjurations   | |  0.8

Action                   |  1- 3 |  4- 6 |  7- 9 | 10-12 || total
-------------------------+-------+-------+-------+-------++-------
Melee: Unarmed           |     1 |       |       |       ||     1
       Short sword       |       |    42 |    50 |     2 ||    94
 Cast: Shock             |   100 |   159 |    29 |       ||   288
       Airstrike         |       |       |   138 |     5 ||   143
  Use: Scroll            |       |       |     2 |       ||     2
 Stab: Sleeping          |       |     3 |       |       ||     3
Armor: Robe              |     6 |    14 |    28 |     6 ||    54
Dodge: Dodged            |    22 |    41 |    38 |     8 ||   109
Block: Buckler           |       |       |    10 |     5 ||    15

Table legend: (Time is in decaauts)
 A = Elapsed time spent in this place.
 B = Non-inter-level travel time spent in this place.
 C = Inter-level travel time spent in this place.
 D = Time resting spent in this place.
 E = Time spent auto-exploring this place.
 F = Levels seen in this place.
 G = Mean time per level.
                   A        B        C        D        E       F      G
               +--------+--------+--------+--------+--------+-----+--------+
         Total |  13006 |  12827 |    179 |   1619 |   9560 |   9 | 1445.1 |
       Dungeon |  13006 |  12827 |    179 |   1619 |   9560 |   9 | 1445.1 |
               +--------+--------+--------+--------+--------+-----+--------+

Top non-repeatable levels by time:
     D:6: 2290 daAuts
     D:7: 1957 daAuts
     D:5: 1678 daAuts
     D:3: 1565 daAuts
     D:1: 1518 daAuts
     D:4: 1257 daAuts
     D:8: 1104 daAuts
     D:2: 1091 daAuts
     D:9: 542 daAuts
